 Dungeon Crawl Stone Soup version 0.27.1-34-g3ba077fa99 (webtiles) character file.

Game seed: 4453271158961274878

10728 mcbry74 the Grappler (level 11, -3/101 HPs)
             Began as a Troll Berserker on Jan 25, 2022.
             Was a High Priest of Trog.
             Slain by a yaktaur (5 damage)
             ... on level 10 of the Dungeon.
             The game lasted 00:31:14 (8500 turns).

mcbry74 the Grappler (Troll Berserker)              Turns: 8500, Time: 00:31:14

Health: -3/101     AC:  6    Str: 29    XL:     11   Next: 40%
Magic:  10/10      EV: 10    Int:  4    God:    Trog [*****.]
Gold:   582        SH:  0    Dex:  9    Spells: 10/10 levels left

rFire    . . .     SeeInvis .   X - +3 dire flail
rCold    + . .     Faith    .   (shield currently unavailable)
rNeg     + . .     Spirit   .   E - +2 robe {Will+}
rPois    +         Reflect  .   (helmet restricted)
rElec    .         Harm     .   D - scarf {repulsion}
rCorr    .         Rampage  .   (gloves unavailable)
Will     +++..                  (boots unavailable)
Stlth    +.........             T - amulet "Luogoth" {Acrobat +Blink rC+}
HPRegen  2.26/turn              p - ring of positive energy
MPRegen  0.12/turn              h - ring of poison resistance

@: strong-willed (expiring), regenerating (expiring), repel missiles
A: large, unfitting armour, claws 3, regeneration 1, shaggy fur 1, tough skin 1
a: Renounce Religion, Evoke Blink, Berserk, Trog's Hand, Brothers in Arms


You were on level 10 of the Dungeon.
You worshipped Trog.
Trog was extremely pleased with you.
You visited 1 branch of the dungeon, and saw 10 of its levels.
You also visited: Sewer.

You collected 582 gold pieces.

Inventory:

Hand Weapons
 s - a +4 quarterstaff of chaos
 K - a +0 giant club
 L - a +6 trident
 X - a +3 dire flail (weapon)
Missiles
 e - 2 boomerangs (quivered)
 j - 2 throwing nets
 u - 59 sling bullets
 N - 4 large rocks
 P - 4 javelins
 V - 18 poisoned darts
Armour
 a - a +0 animal skin
 D - a scarf of repulsion (worn)
 E - a +2 robe of willpower (worn)
 O - a +2 robe of cold resistance
Jewellery
 f - a ring of protection from cold
 h - a ring of poison resistance (right claw)
 p - a ring of positive energy (left claw)
 F - an amulet of the acrobat
 M - a +6 ring of intelligence
 T - the amulet "Luogoth" (around neck) {Acrobat +Blink rC+}
   (You found it on level 9 of the Dungeon)

   [amulet of the acrobat]

   It increases your evasion while moving and waiting.
   rC:        It protects you from cold.
   +Blink:    It lets you blink.
Wands
 l - a wand of flame (49)
 m - a wand of digging (9)
 y - a wand of mindburst (25)
 S - a wand of polymorph (5)
 W - a wand of iceblast (3)
Scrolls
 b - a scroll of teleportation
 c - 4 scrolls of immolation
 d - 4 scrolls of fog
 i - 2 scrolls of noise
 k - 2 scrolls of holy word {unknown}
 A - 2 scrolls of fear {unknown}
 B - 3 scrolls of enchant weapon
 C - 3 scrolls of amnesia
 G - a scroll of summoning {unknown}
 H - a scroll of enchant armour {unknown}
 I - 4 scrolls of blinking
 Q - a scroll of silence {unknown}
 R - a scroll of acquirement {unknown}
 Y - a scroll of vulnerability {unknown}
Potions
 g - a potion of curing
 n - 2 potions of flight
 o - 2 potions of berserk rage
 q - 2 potions of haste
 r - a potion of magic {unknown}
 w - 2 potions of brilliance
 z - a potion of degeneration {unknown}
 J - a potion of might
 U - a potion of invisibility
 Z - a potion of attraction
Miscellaneous
 t - a box of beasts


   Skills:
 + Level 4.8 Fighting
 + Level 4.3 Throwing
 + Level 3.9 Armour
 + Level 4.8 Dodging
 - Level 14.0 Unarmed Combat
 + Level 3.6 Evocations


You had 10 spell levels left.
You didn't know any spells.
Your spell library was empty.

Dungeon Overview and Level Annotations

Branches:
Dungeon (10/15)            Temple (0/1) D:4           Sewer (visited)
   Lair: D:8-11         Orc: D:9-12

Altars:
Ashenzari
Dithmenos
Gozag
Kikubaaqudgha
Makhleb
Okawaru
Ru
Wu Jian
Xom
Zin

Shops:
D:10 ::[=

Annotations:
D:10 4 runed translucent doors


Innate Abilities, Weirdness & Mutations

You are too large for most types of armour.
You have claws for hands.
Your natural rate of healing is unusually fast.
You are covered in fur. (AC +1)
You have tough skin. (AC +1)


Message History

You barely miss the yak.
The yak is almost dead.
The yak barely misses you.
You puncture the yak!
You kill the yak!
Trog accepts your kill.
You bludgeon the cyclops!!
The cyclops is moderately wounded.
The cyclops barely misses you.
You puncture the cyclops!
The cyclops is severely wounded.
The cyclops completely misses you.
You sock the cyclops!
The cyclops is severely wounded.
The cyclops hits you!!
You thump the cyclops!
You kill the cyclops!
Trog accepts your kill.
The yaktaur wields a +0 arbalest.
The yaktaur shoots a bolt.
The bolt barely misses you.
The yaktaur unwields a +0 arbalest.
The yaktaur wields a staff of fire.
The yaktaur completely misses you.
You see here 5 large rocks.
You barely miss the yaktaur.
You feel the effects of Trog's Hand fading.
The yaktaur hits you with a staff of fire!
The yaktaur burns you.
You bludgeon the yaktaur!!
The yaktaur is heavily wounded.
The yaktaur hits you with a staff of fire!
You puncture the yaktaur!
The yaktaur is almost dead.
The yaktaur hits you with a staff of fire!
* * * LOW HITPOINT WARNING * * *
The yaktaur burns you.
* * * LOW HITPOINT WARNING * * *
The yaktaur hits you with a staff of fire!
* * * LOW HITPOINT WARNING * * *
The yaktaur burns you.
You die...

##.......................
##......................
####...........(.........
#......................#.
#.####................###
#.#####................#.
#.#......................
#...######...............
#..##.Zc@##..............
#..#.####†#..............
##.# #.##..............
#.# ##.'.##++##.......
#.# #####8zQ8##......
#.## #8..Q.8#...... ##..#
#[....)#...... #...######
#)....?#...... #..##....#
#8....8#......


You could see a yaktaur and a centaur warrior zombie.

Vanquished Creatures
  A boulder beetle (D:7)
  A two-headed ogre (D:10)
  A cyclops (D:10)
  A manticore (D:7)
  A troll (D:7)
  2 hornets
  Prince Ribbit (D:5)
  13 yaks
  Eustachio (D:5)
  A wyvern (D:8)
  A steam dragon (D:8)
  4 vampire mosquitoes (D:10)
  A water moccasin (D:5)
  3 sky beasts
  A necrophage (D:6)
  10 ice beasts
  2 ogres
  2 centaurs (D:7)
  A phantom (D:6)
  3 bullfrogs
  3 kobold brigands
  A gnoll sergeant (D:7)
  A wyvern zombie (D:7)
  A scorpion (D:4)
  12 wights
  A howler monkey (D:7)
  2 electric eels (D:9)
  6 centaur zombies
  A bullfrog zombie (D:7)
  2 hounds
  3 jellies
  Crazy Yiuf (D:3)
  3 orc priests
  A bullfrog skeleton (D:5)
  A gnoll shaman (D:6)
  4 iguanas
  Terence (D:3)
  6 orc wizards
  Natasha (thrice) (D:3)
  A hound skeleton (D:2)
  Robin (D:3)
  A howler monkey skeleton (D:6)
  11 gnolls
  8 adders
  3 river rats (Sewer)
  3 shadow imps
  2 ufetubi (D:7)
  A worm (D:2)
  4 dart slugs
  22 orcs
  7 endoplasms
  7 giant cockroaches
  13 goblins
  6 hobgoblins
  7 jackals
  13 kobolds
  4 quokkas
  8 ball pythons
  5 bats
  9 frilled lizards
  11 rats
  A butterfly (D:9)
252 creatures vanquished.

Vanquished Creatures (collateral kills)
  A hydra (D:10)
1 creature vanquished.

Vanquished Creatures (others)
  8 plants (D:7)
8 creatures vanquished.

Grand Total: 261 creatures vanquished

Notes
Turn   | Place    | Note
-------+----------+-------------------------------------------
     0 | D:1      | mcbry74 the Troll Berserker began the quest for the Orb.
     0 | D:1      | Reached XP level 1. HP: 22/22 MP: 0/0
   263 | D:1      | Reached XP level 2. HP: 26/29 MP: 1/1
   678 | D:1      | Reached skill level 4 in Unarmed Combat
   816 | D:2      | Reached XP level 3. HP: 36/36 MP: 2/2
   837 | D:2      | Found a faded altar of an unknown god.
   863 | D:2      | Reached ** piety under Trog
  1373 | D:2      | Reached skill level 5 in Unarmed Combat
  1373 | D:2      | Reached XP level 4. HP: 43/44 MP: 3/3
  1537 | D:3      | Noticed Robin
  1604 | D:3      | Killed Robin
  1627 | D:3      | Reached XP level 5. HP: 50/50 MP: 4/4
  1649 | D:3      | Noticed Terence
  1656 | D:3      | Killed Terence
  1657 | D:3      | Reached skill level 6 in Unarmed Combat
  1747 | D:3      | Reached *** piety under Trog
  1856 | D:3      | Noticed Natasha
  1857 | D:3      | Killed Natasha
  1893 | D:3      | Found a runed translucent door.
  1894 | D:3      | Noticed Crazy Yiuf
  1900 | D:3      | Killed Crazy Yiuf
  1942 | D:3      | Found an iron altar of Okawaru.
  2176 | D:3      | Noticed Natasha
  2184 | D:3      | Killed Natasha
  2308 | D:3      | Noticed Natasha
  2312 | D:3      | Killed Natasha
  2313 | D:3      | Reached XP level 6. HP: 59/59 MP: 5/5
  2418 | D:4      | Reached skill level 7 in Unarmed Combat
  2672 | D:4      | Found a staircase to the Ecumenical Temple.
  3002 | D:5      | Entered Level 5 of the Dungeon
  3007 | D:5      | Reached skill level 8 in Unarmed Combat
  3007 | D:5      | Reached XP level 7. HP: 66/66 MP: 6/6
  3013 | D:5      | Noticed Eustachio
  3027 | D:5      | Killed Eustachio
  3033 | D:5      | Reached skill level 9 in Unarmed Combat
  3343 | D:5      | Reached XP level 8. HP: 74/74 MP: 7/7
  3535 | D:5      | Reached skill level 10 in Unarmed Combat
  3591 | D:5      | Found a burning altar of Makhleb.
  3591 | D:5      | Noticed Prince Ribbit
  3593 | D:5      | Found a shimmering altar of Xom.
  3593 | D:5      | Found a glowing silver altar of Zin.
  3603 | D:5      | Found a sparkling altar of Nemelex Xobeh.
  3603 | D:5      | Found a shadowy altar of Dithmenos.
  3603 | D:5      | Found an ornate altar of the Wu Jian Council.
  3606 | D:5      | Killed Prince Ribbit
  3846 | D:6      | Found a broken altar of Ashenzari.
  3853 | D:6      | Found a burning altar of Makhleb.
  3855 | D:6      | Found a sacrificial altar of Ru.
  3865 | D:6      | Found an opulent altar of Gozag.
  3886 | D:6      | Reached skill level 11 in Unarmed Combat
  3953 | D:6      | Found a glowing drain.
  3965 | Sewer    | Entered a sewer
  4063 | Sewer    | Reached **** piety under Trog
  4804 | D:6      | Reached XP level 9. HP: 39/80 MP: 8/8
  5106 | D:7      | Reached skill level 12 in Unarmed Combat
  5341 | D:7      | Noticed a manticore
  5342 | D:7      | Noticed a boulder beetle
  5351 | D:7      | Killed a manticore
  5369 | D:7      | Reached skill level 13 in Unarmed Combat
  5458 | D:7      | Killed a boulder beetle
  5525 | D:7      | Noticed a troll
  5533 | D:7      | Killed a troll
  5534 | D:7      | Reached skill level 14 in Unarmed Combat
  5568 | D:7      | Reached XP level 10. HP: 88/88 MP: 9/9
  5642 | D:7      | Reached skill level 1 in Throwing
  5685 | D:7      | Reached ***** piety under Trog
  5686 | D:7      | Reached skill level 1 in Armour
  5686 | D:7      | Reached skill level 1 in Evocations
  6380 | D:8      | Found a glowing silver altar of Zin.
  6472 | D:8      | Found an ancient bone altar of Kikubaaqudgha.
  6563 | D:8      | Paralysed by a hornet for 2 turns
  7210 | D:9      | Identified the amulet "Luogoth" {Acrobat +Blink rC+}
  7596 | D:10     | Entered Level 10 of the Dungeon
  7675 | D:10     | Found Leequocysuvu's Antique Armour Shop.
  7686 | D:10     | Found Hauhenev's Book Shop.
  7705 | D:10     | Reached XP level 11. HP: 100/100 MP: 10/10
  7811 | D:10     | Found Vuyrghune's Jewellery Emporium.
  7963 | D:10     | Found a large runed translucent door.
  7963 | D:10     | Found a large runed translucent door.
  7965 | D:10     | Noticed a tengu warrior
  7966 | D:10     | Noticed a skeletal warrior
  8016 | D:10     | Found a large runed translucent door.
  8017 | D:10     | Found a large runed translucent door.
  8052 | D:10     | Noticed a two-headed ogre
  8057 | D:10     | Killed a two-headed ogre
  8193 | D:10     | Found Balied's Book Emporium.
  8254 | D:10     | Noticed a six-headed hydra
  8258 | D:10     | Killed a seven-headed hydra
  8500 | D:10     | HP: 2/101 [yaktaur (15)]
  8500 | D:10     | Slain by a yaktaur

Illustrated notes

Levels and vault maps discovered:
D:1:      wander_arrival_lonely_grave, layout_loops_corners
D:2:      layout_basic, chequers_ecumenical_altar_simple_redux,
          hangedman_decor_clover_reticule, minmay_shallow_snake_nest
D:3:      layout_rooms, lemuel_round_altar, uniq_terence,
          uniq_crazy_yiuf_cottage, uniq_robin, uniq_natasha
D:4:      layout_basic, temple_hall, hangedman_decor_lopped
D:5:      layout_loops_ring, doesnt_xom_only_xom, uniq_prince_ribbit1,
          uniq_eustachio
D:6:      layout_gridville, minitemple, portal_sewer_entry_a
D:7:      nzn_winding_woodlands_small [nzn_winding_woodlands_5x15_jagged,
          nzn_winding_woodlands_center_pierced_h,
          nzn_winding_woodlands_5x15_lazy_stream], layout_rooms,
          serial_aquarium, aquarium_bridge_square [aquarium_subvault_wall,
          aquarium_subvault_balcony, aquarium_subvault_bridge,
          aquarium_subvault_balcony], aquarium_bridge_square
          [aquarium_subvault_window, aquarium_subvault_bridge,
          aquarium_subvault_wall, aquarium_subvault_wall], aquarium_window_fake,
          aquarium_window_2, aquarium_window_2, aquarium_view_2c,
          aquarium_pool_five, minivault_11, chequers_serial_rivers_room_a,
          hangedman_decor_diamond_cutter, st_stairs_4
D:8:      layout_cave_pools, lemuel_tele_altar, zin_statuary,
          serial_bayou_crossing
D:9:      minmay_twisted_water, layout_irregular_city,
          hangedman_abyss_or_decor_stabs, hangedman_glass_garden
D:10:     layout_big_octagon, serial_shops, shop,
          nicolae_shop_competitors_out_of_business, nicolae_shop_trees, shop,
          minmay_hollow_rounded_squares

Skill      XL: |  1  2  3  4  5  6  7  8  9 10 11 |
---------------+----------------------------------+-----
Unarmed Combat | 4 5 6 8 9 11 14 | 14.0
Throwing       | 3 4 |  4.3
Armour         | 3 |  3.9
Evocations     | 2 3 |  3.6
Fighting       | 4 |  4.8
Dodging        | 4 |  4.8

Action                   |  1- 3 |  4- 6 |  7- 9 | 10-12 || total
-------------------------+-------+-------+-------+-------++-------
Melee: Unarmed           |   119 |   122 |   229 |   241 ||   711
       Punch             |     1 |     2 |    15 |    22 ||    40
       Dire flail        |       |       |       |    28 ||    28
Throw: Boomerang         |       |       |     1 |     1 ||     2
Invok: Trog's Hand       |       |       |     1 |     3 ||     4
       Berserk           |       |       |       |     1 ||     1
       Brothers in Arms  |       |       |       |     1 ||     1
  Use: Scroll            |       |       |     3 |    16 ||    19
       Potion            |       |       |       |     1 ||     1
 Stab: Sleeping          |     1 |       |       |       ||     1
       Distracted        |       |       |     1 |       ||     1
Armor: Animal skin       |    54 |    42 |     8 |       ||   104
       Robe              |       |       |    49 |    77 ||   126
Dodge: Dodged            |    85 |    88 |   109 |   155 ||   437
       Repelled          |       |       |     1 |     4 ||     5
